FIQ, neutral male scurrid Tourist }}}}}}}}}}}}}}}}}}}}}}}}}}}}}}}}}}}}}}}}}}}}}}}}}}}}}}}}}}}}}}}}}}}}}}}}}}} }}}}}}}}}}}}}}}}}}}}}}}}}}}}}}}}}}}}}}}}}}}}}}}}}}}}}}}}}}}}}}}}}}}}}}}}}}} }}}}}}}}}.}}}}}}.....}}}}}}}}}}}}}}}}}}}}}}}}T}}}}}}}}}}}}}}}}}}}}}} }}};}}}....}}}}}....}}}}}}}}}}}}}}}}}}}}}}}}}}}}}}}}}}}}}} }.?.}}}}}}}}}}}...h}}}..}}}}}}}}}}}}}}}}[}}}}}} }...}}}}}}}}}}....}}}}..}}}}}}}%}}}. }...}}}}}}}}}}}}}}}}}}}}}}}}}`- }...}}}}}}}}}}}}}}}}}}}}}}}}}.| }...}r}}}}...}}}}}}}}}}}}}}...----- }...x}}}}}}.(}}}}}}}}}}}}}'.......| }q...}}}}}}}}}}}}}}}}}}}}}}...n.?.| }....}}}}}}}}}}}}}}}}}}}}}}...----- }..`..}}}}}}}}}}}}}}}}}}}}}}}.| }`.....}}}}}}}}}!}}}}}}}}}}}}}- }....<`.}}}%}}`...}}}}}}}}}}}}}}} }.....}}}}}}}}}}.....}}}}}}}}}}}}}}}}}} }}..}}}}}}}}D}}}}..`.}}}}}}}}}}}}}}}}}}}}}}}} }}}}}}}}}}}}}}}}}....}}}}}}}}}}}}}}}}}}}}}}}..}}..} }}}}}}}}}}}}}}}}}}}}}}}}}}}}}}}}}}}}}}}}}}}}}}}}}}}}}}}}} }}}}}}}}}}}}}}}}}}}}}}}}}}}}}}}}}}}}}}}}}}}}}}}}}}}}}}}}}}}}}} FIQ the Rambler Experience level: 1 Strength: 10 Dexterity: 10 Constitution: 14 Intelligence: 13 Wisdom: 6 Charisma: 21 Health: 2(9) Energy: 2(2) Def: 0 Gold: 338 Moves: 64 Dungeon seed: xdgIxpiBo5rW8oOV Game ID: FIQ_1498602107 Your Inventory: Coins $ - 338 gold pieces Weapons a - 52 uncursed very rusty +2 darts (in quiver) Armor e - an uncursed +0 Hawaiian shirt (being worn) Comestibles b - an uncursed sprig of wolfsbane c - 2 uncursed chestnuts d - 6 uncursed food rations f - an uncursed fortune cookie g - an uncursed tin of jackal meat Scrolls i - a blessed scroll of blank paper j - 3 uncursed scrolls of blank paper Potions h - 2 uncursed potions of extra healing Wands m - an uncursed wand of secret door detection (0:13) Tools k - an uncursed expensive camera (0:86) l - an uncursed credit card n - an uncursed leash Spells and supernatural/magical abilities: Name Level Category Fail Memory W - pray for help -- divine ? -- Your skills at the end: Miscellaneous Skills wands [Basic] Weapon Skills dart [Basic] Spellcasting Skills Final Attributes: You were devoutly aligned. You had wounded legs. You had infravision. You were very stealthy. You survived. Vanquished creatures: a hill orc Voluntary challenges: You went without food. You did not adorn yourself with jewelry or accessories. You did not cause conflict. You were not invisible. You did not have reflection. You were not displaced. You were an atheist. You never hit with a wielded weapon. You were a pacifist. You did not use tools. You did not use plumbed fixtures. You did not drink any magical draughts. You were illiterate. You never genocided any monsters. You never polymorphed an object. You never changed form. You used no wishes. You never split a pudding. You never wrote Elbereth's name. You never violated your personal moral code. Dungeon overview: The Dungeons of Doom: levels 1 to 25 Level 1 a long staircase Level 2 a fountain Level 3 Level 4 Level 5 Level 6 Level 7 Level 8 Level 9 an altar to The Lady Level 10 Level 11 Level 12 Level 13 an altar to The Lady Level 14 Level 15 Level 16 Level 17 Level 18 a fountain Level 19 Level 20 Level 21 Level 22 Level 23 Level 24 Level 25 <- You were here History has recorded: On T:1 you entered the Dungeons of Doom to retrieve the Amulet of Yendor! On T:4 you reached level 2 of The Dungeons of Doom. On T:6 you reached level 3 of The Dungeons of Doom. On T:8 you reached level 4 of The Dungeons of Doom. On T:10 you reached level 5 of The Dungeons of Doom. On T:13 you reached level 6 of The Dungeons of Doom. On T:15 you reached level 7 of The Dungeons of Doom. On T:17 you reached level 8 of The Dungeons of Doom. On T:19 you reached level 9 of The Dungeons of Doom. On T:22 you reached level 10 of The Dungeons of Doom. On T:25 you reached level 11 of The Dungeons of Doom. On T:28 you reached level 12 of The Dungeons of Doom. On T:30 you reached level 13 of The Dungeons of Doom. On T:32 you reached level 14 of The Dungeons of Doom. On T:34 you reached level 15 of The Dungeons of Doom. On T:37 you reached level 16 of The Dungeons of Doom. On T:39 you reached level 17 of The Dungeons of Doom. On T:39 you entered the Rogue tribute level. On T:41 you reached level 18 of The Dungeons of Doom. On T:43 you reached level 19 of The Dungeons of Doom. On T:47 you reached level 20 of The Dungeons of Doom. On T:49 you reached level 21 of The Dungeons of Doom. On T:52 you reached level 22 of The Dungeons of Doom. On T:54 you reached level 23 of The Dungeons of Doom. On T:56 you reached level 24 of The Dungeons of Doom. On T:58 you reached level 25 of The Dungeons of Doom. Score breakdown: Gold: 175 ( 17 points) Experience: 1 level ( 0 points) Exploration: 25 levels ( 720 points) Discoveries: 2 items ( 100 points) Variety of kills: 1 monster ( 50 points) Major goal: (nothing yet) ( 0 points) Survival: quit (score multiplied by 3) Total score: 2661 Latest messages: You dig a pit in the floor. You continue digging downward. You dig a hole through the floor. You fall through... You start digging downward. You continue digging downward. As you dig, the hole fills with water! You fall into the water! You sink like a rock. Your darts rust! You try to crawl out of the water. Pheew! That was close. That command is only available in debug mode. You have no weapon equipped. You start digging downward. The xan pricks your left leg! You continue digging downward. As you dig, the hole fills with water! You fall into the water! You sink like a rock. Your darts rust further! You try to crawl out of the water. Pheew! That was close. The xan pricks your right leg! One of your legs feels somewhat better. That command is only available in debug mode. Final status: Aloha FIQ the Tourist, quit... You quit in The Dungeons of Doom on dungeon level 25 with 2661 points, and 338 pieces of gold, after 64 moves. You were level 1 with a maximum of 9 hit points when you quit.